 Dungeon Crawl Stone Soup version 0.27.1-33-g824d729ab1 (webtiles) character file.

Game seed: 1129783983784499968

457592 stebl the Slayer (level 25, -7/147 (181) HPs)
             Began as a Djinni Fire Elementalist on Dec 24, 2021.
             Was an Initiate of Gozag.
             Killed from afar by a shadow dragon (26 damage)
             ... with a bolt of negative energy
             ... on level 5 of the Vaults on Dec 26, 2021.
             The game lasted 06:58:08 (85882 turns).

stebl the Slayer (Djinni Fire Elementalist)        Turns: 85882, Time: 06:58:09

HP:   -7/147 (181)  AC: 26    Str: 24    XL:     25   Next: 63%
Gold: 11323         EV: 18    Int: 30    God:    Gozag SH: 27 Dex: 15

rFire    + + .     SeeInvis .   b - +9 scimitar (flame)
rCold    . . .     Faith    .   J - +8 kite shield "Huefa" {rPois rC+ Str+5 Dex-2}
rNeg     . . .     Spirit   .   G - +5 scale mail of Wasted Space {rElec rCorr}
rPois    ∞         Reflect  +   o - +2 helmet {Int+3}
rElec    +         Harm     .   i - +2 cloak
rCorr    +         Rampage  .   p - +2 pair of gloves
Will     ++...                  (boots unavailable)
Stlth    +.........             V - amulet of reflection
HPRegen  0.34/turn              s - +6 ring of strength
MPRegen  0.00/turn              Q - ring of the Cockroach {Int+7 Slay+4}

@: gold aura, flying, heavily drained
A: sickness immunity, fire resistance 2, cold vulnerability 1, float, innate
caster, hp casting, extra vitality 1, frail 1, subdued magic 1
}: 2/15 runes: serpentine, barnacled
a: Renounce Religion, Potion Petition, Call Merchant, Bribe Branch


You were on level 5 of the Vaults.
You worshipped Gozag.
Gozag was extremely pleased with you.
You visited 8 branches of the dungeon, and saw 42 of its levels.
You visited the Abyss 1 time.

You collected 21814 gold pieces.
You spent 5378 gold pieces at shops.
You paid 5113 gold pieces to Gozag.


Innate Abilities, Weirdness & Mutations

You are immune to sickness and miasma.
You are immune to poison.
Your flesh is very heat resistant. (rF++)
You are vulnerable to cold. (rC-)
You float through the air rather than walking.
You learn spells naturally, not from books.
Your magical power is your life essence.
You have superior vitality. (+4 HP)
You are frail. (-10% HP)
Your spells are a little easier to cast, but a little less powerful.


   Skills:
 + Level 23.4 Fighting
 - Level 3.6(9.9) Short Blades
 - Level 13.8(14.0) Long Blades
 - Level 16.0 Armour
 - Level 16.0 Dodging
 - Level 1.5 Stealth
 - Level 15.0 Shields
 + Level 16.1 Spellcasting


You couldn't memorise any spells.
You knew the following spells:

 Your Spells              Type           Power      Damage    Failure   Level
a - Leda's Liquefaction   Hex/Erth       37%        N/A       1%          4
b - Invisibility          Hex            37%        N/A       1%          6
c - Conjure Flame         Conj/Fire      75%        6-21      0%          3
d - Orb of Destruction    Conj           37%        9d13      3%          7
f - Foxfire               Conj/Fire      100%       2x1d9     0%          1
i - Dispersal             Tloc           37%        N/A       1%          6
l - Fireball              Conj/Fire      37%        3d15      1%          5
m - Ice Form              Ice/Tmut       75%        N/A       1%          4
o - Ozocubu's Armour      Ice            75%        N/A       0%          3
r - Inner Flame           Hex/Fire       75%        N/A       0%          3
s - Lehudib's Crystal Sp  Conj/Erth      37%        10d9      26%         8
v - Summon Mana Viper     Hex/Summ       75%        N/A       1%          5
y - Sticky Flame          Conj/Fire      75%        2d9       1%          4
z - Sandblast             Erth           100%       2d20      0%          1
B - Blink                 Tloc           N/A        N/A       0%          2
X - Conjure Ball Lightni  Conj/Air       37%        3x3d12    1%          6
Y - Infestation           Necr           37%        N/A       26%         8
Your spell library was empty.

Inventory:

Hand Weapons
 a - the +7 short sword of Voupeche {flame, Int+4 SInv Stlth+}
   (You found it on level 4 of the Lair of Beasts)

   It burns those it strikes, dealing additional fire damage.
   Int:       It affects your intelligence (+4).
   SInv:      It lets you see invisible.
   Stlth:     It makes you more stealthy.
 b - a +9 scimitar of flaming (weapon)
 C - the +12 dagger of the Ass {speed, rPois rN+ Will- Dex+7}
   (You found it on level 4 of the Shoals)

   Attacks with this weapon are significantly faster.
   Dex:       It affects your dexterity (+7).
   rPois:     It protects you from poison.
   rN:        It protects you from negative energy.
   Will:      It decreases your willpower.
Missiles
 B - 562 stones
Armour
 i - a +2 cloak (worn)
 o - a +2 helmet of intelligence (worn)
 p - a +2 pair of gloves (worn)
 G - the +5 scale mail of Wasted Space (worn) {rElec rCorr}
   (You bought it in a shop on level 10 of the Dungeon)

   rElec:     It insulates you from electricity.
   rCorr:     It protects you from acid and corrosion.
 J - the +8 kite shield "Huefa" (worn) {rPois rC+ Str+5 Dex-2}
   (You acquired it on level 9 of the Dungeon)

   Str:       It affects your strength (+5).
   Dex:       It affects your dexterity (-2).
   rC:        It protects you from cold.
   rPois:     It protects you from poison.
Jewellery
 c - a ring of protection from cold
 f - a ring of protection from fire
 s - a +6 ring of strength (left hand)
 w - a ring of willpower
 I - a +6 ring of intelligence
 M - an amulet of regeneration
 Q - the ring of the Cockroach (right hand) {Int+7 Slay+4}
   (You acquired it on level 5 of the Vaults)

   [ring of slaying]

   Int:       It affects your intelligence (+7).
   Slay:      It affects your accuracy & damage with ranged weapons and melee
   (+4).
 R - a ring of resist corrosion
 S - a +6 ring of strength
 V - an amulet of reflection (around neck)
Wands
 l - a wand of mindburst (13)
 r - a wand of acid (17)
 x - a wand of iceblast (40)
 y - a wand of digging (36)
 E - a wand of charming (20)
 H - a wand of paralysis (28)
Scrolls
 h - 9 scrolls of fog
 j - 3 scrolls of blinking
 k - 6 scrolls of magic mapping
 u - 2 scrolls of holy word
 A - 2 scrolls of enchant armour
 D - 3 scrolls of silence {!r}
 N - 2 scrolls of enchant weapon
 O - 15 scrolls of identify {@r1}
 U - 2 scrolls of immolation
Potions
 d - 6 potions of lignification
 g - 4 potions of berserk rage {!q}
 n - 6 potions of attraction
 q - 13 potions of ambrosia
 v - 4 potions of might
 z - 9 potions of brilliance
 F - 5 potions of invisibility
 K - a potion of cancellation
 L - a potion of haste {@q3}
 P - 9 potions of curing {@q1}
 T - 4 potions of mutation
 W - a potion of resistance
Miscellaneous
 X - a piece from Xom's chessboard (15/15)
 Z - a lightning rod (4/4)

Dungeon Overview and Level Annotations

Branches:
Dungeon (15/15)            Temple (1/1) D:4            Lair (6/6) D:10
 Shoals (4/4) Lair:3        Snake (4/4) Lair:3        Slime (0/5) Lair:5
    Orc (2/2) D:10            Elf (0/3) Orc:2        Vaults (5/5) D:13
  Crypt (0/3) Vaults:3     Depths (5/5) D:15            Zot (0/5) Depths:5

Altars:
Dithmenos
Elyvilon
Fedhas
Gozag
Kikubaaqudgha
Makhleb
Nemelex Xobeh
Sif Muna
Trog
Uskayaw
Vehumet
Yredelemnul
Beogh
Jiyva
Lugonu

Shops:
D:2 ?   D:3 =   D:7 (   D:10 [[!   D:15 [   Orc:1 ?   Orc:2 :[[((=   Shoals:1 (
Shoals:4 *   Snake:2 :   Snake:3 [?   Vaults:1 *   Depths:2 ?   Depths:4 ?
Depths:5 (

Portals:
Hell: Depths:1 Depths:2 Depths:3 Depths:4 Depths:5
Abyss: Depths:3 Depths:4 Depths:5
Pandemonium: Depths:1 Depths:2 Depths:3
Ziggurat: Depths:1

Annotations:
D:2 Sigmund
D:15 Roxanne
Lair:4 exclusion: oklob plant
Lair:6 exclusion: obsidian statue
Vaults:4 3 runed translucent doors, WindUpCitrus's ghost, adept DjIE; astronautguy's ghost, master FoEE; rgbqcd's ghost, veteran MiBe; royokou's ghost, veteran MiFi
Depths:5 exclusion: 4 draconian stormcallers

.......▓..▓....▓
......▓▓ep▓X...▓
.....▓ ▓.e▓....▓ ▓▓ .
...▓▓▓▓▓.T▓.T..▓▓.▓p.
... ..W.▓pp..▓...▓ $
...C..CTT...▓
▓▓▓▓▓p.TD.$..▓▓▓▓
....H..[p<.......
...pp..@H.<......
.....$$.p<$...$..
....$.........$..
▓▓▓▓▓▓ ▓
▓▓▓▓▓.Z......▓▓▓▓
▓..▓▓..▓ ▓...........
▓..▓▓..▓▓
▓.e▓....▓.▓▓
.▓▓..▓▓..
.u▓▓▓....▓.▓
.▓▓..▓▓.Z▓▓.u▓ ▓....▓
. ▓.p▓▓.. ▓.u▓


You could see a shadow dragon (catching breath), a tentacled monstrosity, an
ironbound preserver (empowered), 2 very ugly things, 2 sphinxes, a stone giant,
a vault warden (empowered), 4 vault guards, an ettin (unaware), a deep elf
sorcerer (empowered), 5 deep trolls, 2 vault sentinels, a deep elf high priest
(brilliance aura), a phantasmal warrior, a deep elf pyromancer and a shadow
dragon simulacrum.


Message History

A sphinx and 3 deep trolls come into view.
As you read the scroll of blinking, it crumbles to dust.
You are covered in liquid flames!
The stone giant shouts!
The vault guard shouts! x2; The vault sentinel shouts!
The brown very ugly thing gurgles horribly!
The sphinx shouts!
The vault sentinel shouts!
The deep troll shouts!
You hear a deafening roar!
The deep troll is distracted by your dazzling golden aura.
The vault guard hits you but does no damage.
The green very ugly thing is distracted by your dazzling golden aura.
The deep elf pyromancer is distracted by your dazzling golden aura.
The phantasmal warrior is distracted by your dazzling golden aura.
The sphinx is distracted by your dazzling golden aura.
The vault guard is distracted by your dazzling golden aura.
The deep elf pyromancer shouts!
The green very ugly thing gurgles horribly!
The deep troll shouts!
You are covered in liquid flames!
* * * LOW HITPOINT WARNING * * *
The vault guard shouts!
The deep elf sorcerer is no longer distracted by gold.
The vault guard completely misses you.
The sphinx is empowered by the deep elf high priest's aura!
The ettin is distracted by your dazzling golden aura.
You block the sphinx's attack. The sphinx hits you but does no damage.
You block the sphinx's attack.
The shadow dragon breathes negative energy at you.
The bolt of negative energy hits you!!
You feel drained.
You die...
Your body crumbles into a pile of gold.

Skill      XL: |  1  2  3  4  5  6  7  8  9 10 11 12 13 14 15 16 17 18 19 20 21 22 23 24 25 |
---------------+----------------------------------------------------------------------------+-----
Fighting       | 1 2 3 4 5 6 8 10 12 14 15 16 17 18 19 20 21 22 23 | 23.4
Spellcasting   | 3 4 5 6 7 8 9 10 11 12 13 14 15 16 | 16.1
Dodging        | 4 6 9 12 14 15 16 | 16.0
Shields        | 5 11 14 15 | 15.0
Short Blades   | 3 |  3.6
Long Blades    | 6 9 11 12 13 | 13.8
Armour         | 4 6 7 10 13 15 16 | 16.0
Stealth        | |  1.5

Action                   |  1- 3 |  4- 6 |  7- 9 | 10-12 | 13-15 | 16-18 | 19-21 | 22-24 | 25-27 || total
-------------------------+-------+-------+-------+-------+-------+-------+-------+-------+-------++-------
Melee: Dagger            |     2 |       |       |       |       |       |    12 |       |       ||    14
       Spear             |       |    19 |    75 |       |       |       |       |       |       ||    94
       Shillelagh        |       |       |    15 |   126 |   187 |       |       |       |       ||   328
       Short sword       |       |       |       |       |   268 |   116 |    10 |     6 |     2 ||   402
       Scimitar          |       |       |       |       |       |   307 |   817 |  1263 |   275 ||  2662
 Cast: Foxfire           |    44 |    52 |    39 |   146 |    95 |    81 |       |       |       ||   457
       Sandblast         |       |    44 |    63 |   197 |   232 |    94 |    80 |    35 |     4 ||   749
       Blink             |       |     1 |       |     2 |     1 |       |     1 |       |       ||     5
       Inner Flame       |       |       |     3 |    21 |    25 |     2 |     6 |       |       ||    57
       Ozocubu's Armour  |       |       |     3 |     3 |     3 |     2 |       |     2 |     1 ||    14
       Conjure Flame     |       |       |     7 |    10 |     7 |       |       |       |       ||    24
       Leda's Liquefacti |       |       |     3 |     2 |     1 |       |       |       |       ||     6
       Sticky Flame      |       |       |       |    27 |    59 |    35 |    20 |     7 |     1 ||   149
       Fireball          |       |       |       |    18 |   112 |   333 |   289 |   118 |    17 ||   887
       Summon Mana Viper |       |       |       |       |     8 |    36 |    25 |    11 |     3 ||    83
       Invisibility      |       |       |       |       |       |    12 |    15 |     3 |       ||    30
       Conjure Ball Ligh |       |       |       |       |       |       |    24 |     3 |       ||    27
       Orb of Destructio |       |       |       |       |       |       |     4 |   102 |    48 ||   154
       Lehudib's Crystal |       |       |       |       |       |       |       |       |     3 ||     3
       Infestation       |       |       |       |       |       |       |       |       |     1 ||     1
Invok: Call Merchant     |       |       |       |       |     1 |     3 |       |       |       ||     4
       Potion Petition   |       |       |       |       |       |       |       |     3 |     1 ||     4
Evoke: Wand              |       |       |       |     5 |    10 |     1 |     9 |     3 |       ||    28
  Use: Scroll            |       |     3 |     2 |     6 |    16 |    19 |    14 |     3 |    12 ||    75
       Potion            |       |     1 |       |       |       |     2 |     4 |     6 |     7 ||    20
 Stab: Sleeping          |     1 |       |     1 |     1 |     1 |       |       |       |       ||     4
       Distracted        |       |       |       |       |       |     3 |     4 |     8 |     3 ||    18
       Invisible         |       |       |       |       |       |    17 |    48 |     4 |       ||    69
Armor: Robe              |     5 |       |       |       |       |       |       |       |       ||     5
       Leather armour    |       |     8 |    36 |    42 |    80 |    35 |       |       |       ||   201
       Scale mail        |       |       |       |       |       |    15 |   102 |   236 |    43 ||   396
Dodge: Dodged            |     9 |    21 |    45 |    80 |   159 |   192 |   160 |   309 |    83 ||  1058
Block: Other             |       |       |       |     9 |       |       |       |       |       ||     9
       Kite shield       |       |       |       |   142 |   647 |   579 |   728 |  1188 |   254 ||  3538
       Reflection        |       |       |       |     1 |     5 |    60 |   107 |    30 |     7 ||   210
       Rpst.: Scimitar   |       |       |       |       |       |    32 |    25 |    35 |    11 ||   103

Levels and vault maps discovered:
D:1:      lemuel_arrival_rhombus, layout_rooms,
          dreamdust_ecumenical_altar_statues, wad_floor_pattern_2
D:2:      layout_loops_ring, serial_shops, nicolae_shop_trees,
          kennysheep_generic_room_8, uniq_sigmund
D:3:      layout_basic, mainiacjoe_overflow_tiny_flanked,
          mainiacjoe_overflow_24_doors, serial_shops, shop, supply_closet_lemuel
D:4:      layout_basic, minmay_temple_entry_mist,
          hangedman_abyss_or_decor_stagger, uniq_blork_the_orc, uniq_eustachio,
          uniq_grinder
D:5:      layout_rooms, lemuel_coloured_pillars_altar, uniq_prince_ribbit1
D:6:      layout_gridville
D:7:      layout_basic, kiku_gazebo_pond_becter, serial_shops, shop
D:8:      layout_gridville, nemelex_spade_bored_becter
D:9:      layout_irregular_city, demons_altar, grunt_ministairs_12,
          nicolae_wwwww, uniq_grum
D:10:     layout_irregular_city, erik_lair_orcish_takeover, david_orc_3,
          minivault_27, eino_tiny_chamber, kennysheep_cross_room
D:11:     layout_long_grid
D:12:     layout_long_grid
D:13:     layout_irregular_city, david_vaults_2, serial_column_ruins,
          column_ruins_hut_ruined, column_ruins_square_small,
          column_ruins_grid_1, column_ruins_grid_1, column_ruins_grid_1,
          column_ruins_open_medium, uniq_josephine
D:14:     layout_basic, skrybe_limestone_x, uniq_rupert
D:15:     grunt_enter_depths_hoard, layout_loops_cross, serial_shops,
          shop_statue, kennysheep_pointless_box, uniq_jorgrun, uniq_roxanne
Temple:   eino_temple_rhombus
Lair:1:   layout_long_grid, grunt_megastairs_3
Lair:2:   layout_roguey [special_room_bee], special_room
Lair:3:   layout_cave_pods, minmay_shoals_entry_lonely_mermaid,
          guppyfry_snake_entry_island, uniq_nergalle
Lair:4:   layout_loops_ring, chequers_serial_rivers_small_3,
          minmay_lair_oklob_chamber, serial_bayou_shore_b, lemuel_fruit_tree
Lair:5:   layout_long_grid, slime_altar_1, chequers_serial_rivers_micro_e,
          wad_woods_road_03
Lair:6:   due_jungle_book, layout_loops_ring, grunt_megastairs_1, uniq_nessos
Shoals:1: layout_shoals, serial_shops, nicolae_take_the_stairs, uniq_kirke
Shoals:2: layout_shoals, nicolae_shoals_lost_giant_temple, uniq_polyphemus
Shoals:3: layout_shoals
Shoals:4: shoals_end_hangedman, layout_shoals, lemuel_altar_in_water2,
          nicolae_shop_clearance
Snake:1:  layout_basic
Snake:2:  layout_misc_corridors, serial_shops, shop_fountains,
          grunt_megastairs_5
Snake:3:  layout_gridlike, serial_bayou_shore_a, minmay_shoptagon,
          grunt_megastairs_2, uniq_vashnia, uniq_saint_roka
Snake:4:  snake_pit_salamanders_mu, layout_concentric_octagons, special_room,
          nicolae_snake_gridmaze_zigzag, st_stairs_1,
          chequers_hall_statues_wall_a
Orc:1:    layout_caves, basic_altar, serial_shops, shop
Orc:2:    st_orc_town, layout_caves, serial_shops, nicolae_shop_window_shopping,
          uniq_sonja
Vaults:1: vaults_room_octagon, ontoclasm_vaults_eye, v_misc_24, v_misc_26,
          nicolae_vaults_little_squares_4, vaults_mumra_hex,
          ontoclasm_vaults_chip, vaults_mumra_lcd, ontoclasm_vaults_twist,
          nicolae_vaults_yaktaur_gun_rack, vaults_room_grunt_arrival_checkpoint,
          ontoclasm_vaults_decontamination, layout_vaults_big_room,
          serial_shops, shop
Vaults:2: dpeg_vaults_pockets_of_resistance, grunt_vaults_diagonal, v_misc_4,
          nicolae_vaults_little_squares_1, v_misc_22, v_misc_31, v_misc_16,
          nicolae_vaults_ninety_degrees, nicolae_vaults_network_periphery,
          v_misc_23, serial_ice_b, vaults_room_hallway, ontoclasm_vaults_hangar,
          nicolae_vaults_three_branches, vaults_standard_mumra_x,
          layout_vaults_maze_bifur, uniq_margery
Vaults:3: hangedman_vaults_corner, minmay_crypt_entry_vampire_xt,
          ontoclasm_vaults_fault, v_misc_27, vaults_dpeg_spiral, st_lines,
          hangedman_vaults_snaps, vaults_dpeg_encased_lava,
          ontoclasm_vaults_misaligned, grunt_vaults_hallway_short,
          hangedman_vaults_corner_blocks, layout_vaults_omnicross
Vaults:4: gammafunk_vaults_ghost_cemetery, nicolae_vaults_angled_halls,
          ontoclasm_vaults_ring_square, grunt_tower_of_power, v_misc_10,
          nicolae_vaults_network_square, v_misc_29, v_misc_12,
          vaults_room_hallway, vaults_room_semicircle, layout_vaults_ring
Vaults:5: serial_shops
Depths:1: layout_cave_pools, enter_ziggurat_a, chequers_serial_rivers_small_b,
          rand_demon_pan_entry_9, hell_entry, minmay_fractal_squares_gapless_7,
          uniq_sojobo
Depths:2: hangedman_cross_veins, layout_honeycomb, hell_entry, pan_entry,
          amcnicky_mini_pool_small, minmay_shop_star, firewood_loft
Depths:3: kennysheep_cluttered_fort, layout_gridville, hell_entry,
          serial_sigils, serial_sigils_hangedman_gut,
          serial_sigils_hangedman_stare, serial_sigils_hangedman_quiver,
          serial_sigils_hangedman_etch, dk_noncrumbling_4,
          abyss_entry_flame_altar, pan_entry, infiniplex_staircase_zigzag_2,
          uniq_mennas
Depths:4: minmay_fractal_lines_corner, layout_cave_pools, hell_entry,
          minmay_room_of_horrors, minmay_misc_feat_pillars, serial_shops,
          nicolae_shop_statue_plus, kennysheep_generic_room_14,
          infiniplex_staircase_trident
Depths:5: evilmike_zot_entry_argh, layout_basic, abyss_entry, serial_rivers,
          chequers_serial_rivers_small_a, chequers_serial_rivers_micro_e,
          chequers_serial_rivers_micro_c, chequers_serial_rivers_micro_a,
          chequers_serial_rivers_micro_d, chequers_serial_rivers_micro_b,
          grunt_hell_entry_dis_grunt, serial_shops, nicolae_diamond_shop,
          nrook_mini_vaults

Notes
Turn   | Place    | Note
-------+----------+-------------------------------------------
     0 | D:1      | stebl the Djinni Fire Elementalist began the quest for the
                  | Orb.
     0 | D:1      | Reached XP level 1. HP: 15/15 MP: 0/0
   307 | D:1      | Reached XP level 2. HP: 20/22 MP: 0/0
   371 | D:1      | Found a faded altar of an unknown god.
   382 | D:1      | Reached skill level 1 in Fighting
   596 | D:1      | Reached XP level 3. HP: 23/27 MP: 0/0
   596 | D:1      | Learned a level 1 spell: Sandblast
   954 | D:2      | Noticed Sigmund
  1170 | D:2      | Reached skill level 3 in Spellcasting
  1213 | D:2      | Reached skill level 2 in Fighting
  1277 | D:2      | Found Qiklemer's Magic Scroll Shoppe.
  1289 | D:2      | Bought a scroll of teleportation for 36 gold pieces
  1289 | D:2      | Bought a scroll of magic mapping for 42 gold pieces
  1320 | D:2      | Reached XP level 4. HP: 17/34 MP: 0/0
  1741 | D:2      | Bought a scroll of identify for 24 gold pieces
  1857 | D:3      | Found a basalt altar of Yredelemnul.
  2036 | D:3      | Reached skill level 3 in Fighting
  2211 | D:3      | Reached XP level 5. HP: 38/40 MP: 0/0
  2211 | D:3      | Learned a level 2 spell: Blink
  2250 | D:3      | Found Igiopp's Jewellery Boutique.
  2373 | D:3      | Found an opulent altar of Gozag.
  2390 | D:3      | Became a worshipper of Gozag Ym Sagoz the Greedy
  2774 | D:4      | Reached skill level 4 in Fighting
  2774 | D:4      | Reached XP level 6. HP: 42/47 MP: 0/0
  2774 | D:4      | Found a staircase to the Ecumenical Temple.
  2845 | D:4      | Noticed Blork the orc
  2857 | D:4      | Killed Blork the orc
  3128 | D:4      | Reached skill level 5 in Fighting
  3203 | D:4      | Noticed Eustachio
  3274 | Temple   | Entered the Ecumenical Temple
  3462 | D:4      | Killed Eustachio
  3463 | D:4      | Reached skill level 4 in Spellcasting
  3463 | D:4      | Reached XP level 7. HP: 46/54 MP: 0/0
  3463 | D:4      | Learned a level 3 spell: Ozocubu's Armour
  3525 | D:4      | Noticed Grinder
  3536 | D:4      | Killed Grinder
  3537 | D:4      | Reached skill level 6 in Fighting
  3603 | D:4      | Reached XP level 8. HP: 53/62 MP: 0/0
  4219 | D:5      | Entered Level 5 of the Dungeon
  4271 | D:5      | Noticed Prince Ribbit
  4292 | D:5      | Killed Prince Ribbit
  4293 | D:5      | Reached skill level 7 in Fighting
  4535 | D:5      | Reached skill level 5 in Spellcasting
  4979 | D:5      | Reached skill level 8 in Fighting
  5217 | D:5      | Reached XP level 9. HP: 64/71 MP: 0/0
  5217 | D:5      | Learned a level 4 spell: Leda's Liquefaction
  5270 | D:5      | Found the +6 shillelagh "Devastator" {shatter}
  5479 | D:5      | Found a white marble altar of Elyvilon.
  5706 | D:6      | Reached skill level 3 in Dodging
  6031 | D:6      | Reached skill level 9 in Fighting
  6396 | D:7      | Found Jitap's Antique Weapon Shoppe.
  6819 | D:7      | Reached skill level 4 in Dodging
  6947 | D:7      | Reached skill level 6 in Spellcasting
  7396 | D:2      | Bought a scroll of acquirement for 624 gold pieces
  7396 | D:2      | Acquired a manual of Dodging
  7398 | D:2      | Bought a scroll of identify for 24 gold pieces
  7630 | D:8      | Reached skill level 10 in Fighting
  7630 | D:8      | Reached XP level 10. HP: 59/80 MP: 0/0
  7852 | D:8      | Reached skill level 5 in Dodging
  8460 | D:8      | Reached skill level 6 in Dodging
  8724 | D:8      | Found a sparkling altar of Nemelex Xobeh.
  9348 | D:9      | Noticed Grum
  9482 | D:9      | Acquired the +8 kite shield "Huefa" {rPois rC+ Str+5 Dex-2}
  9544 | D:9      | Reached skill level 1 in Shields
  9556 | D:9      | Reached skill level 2 in Shields
  9740 | D:9      | Reached skill level 3 in Shields
 10165 | D:9      | Reached skill level 4 in Shields
 10408 | D:9      | Killed Grum
 10409 | D:9      | Reached skill level 5 in Shields
 10630 | D:9      | Found a burning altar of Makhleb.
 10855 | D:9      | Noticed a komodo dragon
 10866 | D:9      | Reached XP level 11. HP: 53/86 MP: 0/0
 10866 | D:9      | Learned a level 4 spell: Ice Form
 10892 | D:9      | Reached skill level 6 in Shields
 11125 | D:10     | Entered Level 10 of the Dungeon
 11189 | D:10     | Noticed a two-headed ogre
 11203 | D:10     | Killed a two-headed ogre
 11204 | D:10     | Reached skill level 7 in Shields
 11314 | D:10     | Reached skill level 8 in Shields
 11534 | D:10     | Found a staircase to the Lair.
 11777 | D:10     | Reached skill level 9 in Shields
 11964 | D:10     | Found a staircase to the Orcish Mines.
 12765 | Orc:1    | Entered Level 1 of the Orcish Mines
 12953 | Lair:1   | Entered Level 1 of the Lair of Beasts
 12964 | Lair:1   | Reached skill level 10 in Shields
 13033 | Lair:1   | Noticed an eight-headed hydra
 13596 | Lair:1   | Reached skill level 11 in Shields
 13596 | Lair:1   | Reached XP level 12. HP: 77/93 MP: 0/0
 14422 | Lair:2   | Noticed a death yak
 14422 | Lair:2   | Noticed a death yak
 14424 | Lair:2   | Noticed a death yak
 14575 | Lair:3   | Found a staircase to the Snake Pit.
 14991 | Lair:2   | Reached skill level 12 in Shields
 15746 | Lair:3   | Reached skill level 13 in Shields
 16383 | Lair:2   | Reached skill level 14 in Shields
 16846 | Lair:3   | Noticed Nergalle
 16912 | Lair:3   | Killed Nergalle
 16913 | Lair:3   | Reached XP level 13. HP: 78/98 MP: 0/0
 16913 | Lair:3   | Learned a level 5 spell: Summon Mana Viper
 17196 | Lair:3   | Found a staircase to the Shoals.
 17586 | Lair:4   | Reached skill level 15 in Shields
 17591 | Lair:4   | Reached skill level 11 in Fighting
 17591 | Lair:4   | Reached skill level 7 in Dodging
 17953 | Lair:4   | Identified the +7 short sword of Voupeche {flame, Int+4
                  | SInv Stlth+}
 18065 | Lair:4   | Noticed a seven-headed hydra
 18091 | Lair:4   | Reached skill level 8 in Dodging
 18167 | Lair:4   | Killed a seven-headed hydra
 18168 | Lair:4   | Reached skill level 7 in Spellcasting
 18926 | Lair:5   | Found a viscous altar of Jiyva.
 18926 | Lair:5   | Found a staircase to the Slime Pits.
 19437 | Lair:5   | Reached skill level 9 in Dodging
 19784 | Lair:6   | Entered Level 6 of the Lair of Beasts
 19812 | Lair:6   | Reached skill level 12 in Fighting
 20277 | Lair:6   | Noticed a seven-headed hydra
 20288 | Lair:6   | Reached XP level 14. HP: 103/108 MP: 0/0
 20442 | Lair:6   | Noticed a dire elephant
 20442 | Lair:6   | Noticed a dire elephant
 20442 | Lair:6   | Noticed a dire elephant
 20491 | Lair:6   | Reached skill level 10 in Dodging
 20494 | Lair:6   | Noticed Nessos
 20499 | Lair:6   | Killed Nessos
 21789 | Lair:6   | Reached skill level 13 in Fighting
 21886 | Lair:6   | Reached skill level 11 in Dodging
 22061 | Lair:6   | Reached skill level 8 in Spellcasting
 22214 | Lair:6   | Noticed a dire elephant
 22224 | Lair:6   | Noticed a dire elephant
 22242 | Lair:6   | Killed a dire elephant
 22762 | Lair:6   | Killed a dire elephant
 22940 | Lair:6   | Killed a dire elephant
 23024 | Lair:6   | Killed a dire elephant
 23062 | Lair:6   | Killed a dire elephant
 23063 | Lair:6   | Reached skill level 12 in Dodging
 23584 | Lair:2   | Reached skill level 14 in Fighting
 24195 | D:10     | Reached XP level 15. HP: 86/117 MP: 0/0
 24195 | D:10     | Learned a level 6 spell: Dispersal
 24470 | Orc:2    | Entered Level 2 of the Orcish Mines
 24589 | Orc:2    | Noticed Sonja
 24802 | Orc:1    | Killed Sonja
 25604 | Orc:2    | Found Qesm's Armour Emporium.
 25744 | Orc:2    | Found Saakusan's Antique Armour Shop.
 25749 | Orc:2    | Found Sucarghoqaf's Book Emporium.
 25756 | Orc:2    | Reached skill level 13 in Dodging
 25973 | Orc:2    | Identified a +2 robe of resistance
 26145 | Orc:2    | Found a staircase to the Elven Halls.
 26329 | Orc:2    | Found Qevos's Jewellery Shop.
 26329 | Orc:2    | Found Raopp's Weapon Emporium.
 26335 | Orc:2    | Bought an amulet of regeneration for 480 gold pieces
 26669 | Orc:1    | Found Oqu Pev's Magic Scroll Shop.
 26879 | Orc:1    | Reached skill level 1 in Short Blades
 26879 | Orc:1    | Reached skill level 9 in Spellcasting
 26884 | Orc:1    | Bought a scroll of identify for 30 gold pieces
 26884 | Orc:1    | Bought a scroll of identify for 30 gold pieces
 26884 | Orc:1    | Bought a scroll of identify for 30 gold pieces
 26884 | Orc:1    | Bought a scroll of identify for 30 gold pieces
 26930 | Orc:1    | Noticed an orc warlord
 27037 | Orc:1    | Killed an orc warlord
 27647 | D:11     | Reached skill level 2 in Short Blades
 27785 | D:11     | Reached skill level 15 in Fighting
 28980 | D:13     | Noticed Josephine
 28984 | D:13     | Killed Josephine
 28985 | D:13     | Reached skill level 3 in Short Blades
 28998 | D:13     | Reached skill level 14 in Dodging
 29202 | D:13     | Found a gate to the Vaults.
 29827 | D:14     | Reached XP level 16. HP: 98/126 MP: 0/0
 30027 | D:14     | Acquired a manual of Long Blades
 30041 | D:14     | Noticed Rupert
 30084 | D:15     | Entered Level 15 of the Dungeon
 30204 | D:15     | Noticed Jorgrun
 30440 | D:15     | Reached skill level 1 in Long Blades
 30463 | D:15     | Found Wabeuhen's Antique Armour Emporium.
 30696 | D:15     | Identified Roxanne's Volume of the Mountains
 30696 | D:15     | Noticed Roxanne
 30757 | D:15     | Reached skill level 2 in Long Blades
 30757 | D:15     | Reached skill level 1 in Armour
 31006 | D:15     | Killed Jorgrun
 31021 | D:15     | Acquired 575 gold pieces
 31149 | D:15     | Found a staircase to the Depths.
 31240 | D:15     | Reached skill level 3 in Long Blades
 31240 | D:15     | Reached skill level 2 in Armour
 31458 | D:10     | Bought a +0 helmet of intelligence for 207 gold pieces
 31482 | D:10     | Bought a potion of heal wounds for 105 gold pieces
 31586 | Shoals:1 | Entered Level 1 of the Shoals
 32273 | Shoals:1 | Reached skill level 16 in Fighting
 32273 | Shoals:1 | Reached skill level 4 in Long Blades
 33066 | Shoals:1 | Reached skill level 3 in Armour
 33102 | Shoals:1 | Noticed Kirke
 33107 | Shoals:1 | Killed Kirke
 33252 | Shoals:1 | Found Jugux's Antique Weapon Boutique.
 33631 | Shoals:2 | Reached skill level 5 in Long Blades
 33899 | Shoals:2 | Reached skill level 10 in Spellcasting
 34123 | Shoals:2 | Reached skill level 4 in Armour
 34257 | Shoals:2 | Noticed Polyphemus
 34619 | Shoals:2 | Reached skill level 6 in Long Blades
 34659 | Shoals:2 | Reached XP level 17. HP: 83/134 MP: 0/0
 34659 | Shoals:2 | Learned a level 6 spell: Invisibility
 35406 | Shoals:2 | Killed Polyphemus
 35508 | Shoals:2 | Reached skill level 5 in Armour
 35764 | Shoals:2 | Noticed a kraken
 35775 | Shoals:2 | Killed a kraken
 35776 | Shoals:2 | Reached skill level 7 in Long Blades
 35875 | Shoals:2 | Noticed a kraken
 36015 | Shoals:2 | Killed a kraken
 36016 | Shoals:2 | Reached skill level 17 in Fighting
 36879 | Shoals:3 | Reached skill level 8 in Long Blades
 37164 | Shoals:3 | Reached skill level 6 in Armour
 38334 | Shoals:4 | Entered Level 4 of the Shoals
 38440 | Shoals:4 | Found a hide-covered altar of Uskayaw.
 39140 | Shoals:4 | Reached skill level 9 in Long Blades
 39602 | Shoals:4 | Reached XP level 18. HP: 62/143 MP: 0/0
 40373 | Shoals:4 | Reached skill level 7 in Armour
 41050 | Shoals:4 | Identified the +12 dagger of the Ass {speed, rPois rN+
                  | Will- Dex+7}
 41281 | Shoals:4 | Reached skill level 11 in Spellcasting
 41294 | Shoals:4 | Reached skill level 18 in Fighting
 41863 | Shoals:4 | Reached skill level 10 in Long Blades
 41877 | Shoals:4 | HP: 11/145 [merfolk javelineer/javelin (25)]
 41878 | Shoals:4 | HP: 3/145 [merfolk javelineer/javelin (8)]
 42963 | Shoals:4 | Found Mihet's CLEARANCE SALE! EVERYTHING MUST GO!.
 42970 | Shoals:4 | Bought a scroll of teleportation for 15 gold pieces
 42980 | Shoals:4 | Noticed a kraken
 43019 | Shoals:4 | Killed a kraken
 43028 | Shoals:4 | Got a barnacled rune of Zot
 43558 | Snake:1  | Entered Level 1 of the Snake Pit
 44159 | D:10     | Bought the +5 scale mail of Wasted Space {rElec rCorr} for
                  | 874 gold pieces
 44811 | Snake:2  | Found Utyfu's Book Emporium.
 45208 | Snake:2  | Gained mutation: You are frail. (-10% HP) [mutagenic glow]
 45757 | Snake:2  | Reached skill level 11 in Long Blades
 46754 | Snake:3  | Reached XP level 19. HP: 121/136 MP: 0/0
 46754 | Snake:3  | Learned a level 6 spell: Conjure Ball Lightning
 46837 | Snake:3  | Identified a scarf of resistance
 46945 | Snake:3  | Found Uradgh's Magic Scroll Shoppe.
 46953 | Snake:3  | Bought a scroll of identify for 30 gold pieces
 46953 | Snake:3  | Bought a scroll of identify for 30 gold pieces
 46955 | Snake:3  | Bought a scroll of acquirement for 780 gold pieces
 46955 | Snake:3  | Bought a scroll of acquirement for 780 gold pieces
 46955 | Snake:3  | Bought a scroll of enchant armour for 112 gold pieces
 46955 | Snake:3  | Bought a scroll of teleportation for 45 gold pieces
 46955 | Snake:3  | Acquired 857 gold pieces
 46956 | Snake:3  | Acquired 788 gold pieces
 46960 | Snake:3  | Found Caem's Antique Armour Emporium.
 47120 | Snake:3  | Noticed Vashnia
 47488 | Snake:3  | Killed Vashnia
 47489 | Snake:3  | Reached skill level 19 in Fighting
 49085 | Snake:3  | Noticed Saint Roka
 49161 | Snake:2  | Killed Saint Roka
 49956 | Snake:3  | Reached skill level 12 in Long Blades
 50518 | Snake:4  | Entered Level 4 of the Snake Pit
 51284 | Snake:4  | Reached skill level 12 in Spellcasting
 52578 | Snake:4  | Reached XP level 20. HP: 116/145 MP: 0/0
 52582 | Snake:4  | Reached skill level 20 in Fighting
 52918 | Snake:4  | Got a serpentine rune of Zot
 54252 | Orc:1    | Bought a scroll of brand weapon for 300 gold pieces
 54390 | Vaults:1 | Entered Level 1 of the Vaults
 54868 | Vaults:1 | Reached skill level 13 in Long Blades
 56054 | Vaults:1 | Found Zeypp's General Store.
 57883 | Vaults:2 | Reached XP level 21. HP: 126/152 MP: 0/0
 57883 | Vaults:2 | Learned a level 7 spell: Orb of Destruction
 58360 | Vaults:2 | Reached skill level 13 in Spellcasting
 59223 | Vaults:2 | Reached skill level 8 in Armour
 59241 | Vaults:2 | Noticed Margery
 59556 | Vaults:2 | Reached skill level 21 in Fighting
 61238 | Vaults:3 | Reached skill level 9 in Armour
 62805 | Vaults:3 | Found a staircase to the Crypt.
 63101 | Vaults:4 | Identified the +5 hand crossbow of Uncertain Death {penet,
                  | rCorr}
 63208 | Vaults:4 | Found a runed translucent gate.
 63208 | Vaults:4 | Found a runed translucent gate.
 63208 | Vaults:4 | Found a runed translucent gate.
 63208 | Vaults:4 | Noticed rgbqcd's ghost (veteran MiBe)
 63208 | Vaults:4 | Noticed royokou's ghost (veteran MiFi)
 63209 | Vaults:4 | Noticed astronautguy's ghost (master FoEE)
 63210 | Vaults:4 | Noticed WindUpCitrus's ghost (adept DjIE)
 63267 | Vaults:4 | Reached skill level 10 in Armour
 63827 | Vaults:4 | You are cast into the Abyss!
 63827 | Vaults:4 | Cast into level 2 of the Abyss (a wizard)
 63879 | Abyss:2  | Reached XP level 22. HP: 151/160 MP: 0/0
 64341 | Abyss:2  | Noticed a profane servitor
 64342 | Abyss:2  | Reached skill level 11 in Armour
 64345 | Vaults:4 | You pass through the gate.
 64345 | Vaults:4 | Escaped the Abyss
 64390 | Vaults:4 | HP: 14/155 [profane servitor (13)]
 64392 | Vaults:4 | Killed a profane servitor
 65618 | Vaults:4 | Identified the +1 robe of Boiling Hail {rC+ rN+ Stlth+}
 66135 | Vaults:2 | Killed Margery
 66334 | Vaults:2 | Reached skill level 14 in Spellcasting
 66438 | Vaults:2 | Reached skill level 12 in Armour
 67586 | D:14     | Killed Rupert
 67769 | Depths:1 | Entered Level 1 of the Depths
 68282 | Depths:1 | Found a gateway to Hell.
 68295 | Depths:1 | Reached skill level 13 in Armour
 68295 | Depths:1 | Reached XP level 23. HP: 141/166 MP: 0/0
 68295 | Depths:1 | Learned a level 8 spell: Infestation
 68703 | D:14     | Gained mutation: Your spells are a little easier to cast,
                  | but a little less powerful. [mutagenic glow]
 70729 | Depths:1 | Noticed Sojobo
 70765 | Depths:1 | Killed Sojobo
 70766 | Depths:1 | Reached skill level 22 in Fighting
 71071 | Depths:1 | Found a gateway to a ziggurat.
 71230 | Depths:1 | Found a one-way gate leading to the halls of Pandemonium.
 71561 | Depths:2 | Reached skill level 14 in Armour
 72840 | Depths:2 | Identified the +1 cloak "Juruluju" {rN+}
 72867 | Depths:2 | Found Zouf Ruq's Magic Scroll Boutique.
 72878 | Depths:2 | Bought a scroll of teleportation for 60 gold pieces
 72878 | Depths:2 | Bought a scroll of fear for 70 gold pieces
 72878 | Depths:2 | Bought a scroll of blinking for 150 gold pieces
 72878 | Depths:2 | Bought a scroll of blinking for 150 gold pieces
 74163 | Depths:2 | Reached skill level 15 in Armour
 74279 | Depths:2 | Reached XP level 24. HP: 155/174 MP: 0/0
 75863 | Depths:3 | Reached skill level 15 in Spellcasting
 77170 | Depths:3 | Noticed Mennas
 77224 | Depths:3 | Killed Mennas
 77851 | Depths:3 | Found a corrupted altar of Lugonu.
 77851 | Depths:3 | Found a one-way gate to the infinite horrors of the Abyss.
 77903 | Depths:3 | Reached skill level 16 in Armour
 78001 | Depths:2 | Identified the +8 quarterstaff of the Magi {freeze, Drain
                  | rPois Int+4}
 79282 | Depths:4 | Noticed a dread lich
 79445 | Depths:4 | Killed a dread lich
 79574 | Depths:4 | Reached skill level 15 in Dodging
 80602 | Depths:4 | Found Zyalomai's Magic Scroll Shop.
 80610 | Depths:4 | Bought a scroll of blinking for 120 gold pieces
 80610 | Depths:4 | Bought a scroll of teleportation for 48 gold pieces
 80610 | Depths:4 | Bought a scroll of summoning for 152 gold pieces
 80707 | Depths:4 | Found the +9 heavy crossbow "Sniper" {vorpal, Acc+∞ SInv}
 80864 | Depths:5 | Entered Level 5 of the Depths
 80869 | Depths:5 | Found Zechuusch's Weapon Emporium.
 80897 | Depths:5 | Reached XP level 25. HP: 179/180 MP: 0/0
 80897 | Depths:5 | Learned a level 8 spell: Lehudib's Crystal Spear
 81829 | Depths:5 | Reached skill level 23 in Fighting
 82735 | Depths:5 | Found a gate to the Realm of Zot.
 84395 | Vaults:5 | Entered Level 5 of the Vaults
 84986 | Vaults:5 | Acquired the ring of the Cockroach {Int+7 Slay+4}
 85148 | Vaults:5 | Reached skill level 16 in Dodging
 85600 | Vaults:5 | Identified the +5 halberd "Trog's Outrage" {flame, rC++
                  | MP+9 Str-4 Int+3}
 85616 | Vaults:5 | Reached skill level 16 in Spellcasting
 85867 | Vaults:5 | HP: 5/161 [ettin simulacrum (35)]
 85869 | Vaults:5 | Identified a +2 crystal plate armour
 85880 | Vaults:5 | Identified the +5 bardiche of Reinforcement {freeze, Str+5}
 85881 | Vaults:5 | Identified the +1 ring mail of Trial and Error {rN+ Will+
                  | Stlth+}
 85882 | Vaults:5 | Killed from afar by a shadow dragon

Vanquished Creatures
  A dread lich (Depths:4)
  Mennas (Depths:3)
  Sojobo (Depths:1)
  Vashnia (Snake:3)
  Saint Roka (Snake:2)
  A profane servitor (Vaults:4)
  Rupert (D:14)
  Jorgrun (D:15)
  A tentacled monstrosity (Depths:5)
  5 liches
  3 krakens
  2 quicksilver dragons
  Polyphemus (Shoals:2)
  A titan (Vaults:5)
  8 sphinxes
  3 tentacled starspawn (Abyss:2)
  Kirke (Shoals:1)
  5 nagarajas
  3 storm dragons
  8 tengu reavers
  2 shadow dragons
  7 fire giants
  13 vault wardens
  A balrug (Abyss:2)
  6 frost giants
  An orc warlord (Orc:1)
  2 spriggan defenders
  A deep elf elementalist (Depths:4)
  A draconian stormcaller (Depths:5)
  11 ironbound preservers
  15 very ugly things
  16 stone giants
  Nessos (Lair:6)
  2 vampire knights
  A black draconian (Depths:5)
  A red draconian (Depths:5)
  A deep elf annihilator (Depths:2)
  A spark wasp (shapeshifter) (Vaults:3)
  A white draconian (Depths:5)
  A yellow draconian (Depths:5)
  An entropy weaver (Vaults:4)
  A spark wasp (Depths:2)
  9 dire elephants
  11 ettins
  An eidolon (Abyss:2)
  3 merfolk javelineers (Shoals:4)
  A deep elf death mage (Vaults:2)
  2 jiangshi (Depths:2)
  9 yaktaur captains
  6 fire dragons
  10 merfolk impalers
  Josephine (D:13)
  8 great orbs of eyes
  11 ice dragons
  3 boulder beetles
  A quicksilver dragon skeleton (Depths:2)
  2 salamander tyrants
  15 vault guards
  6 ironbound thunderhulks
  A hell beast (Depths:1)
  4 rakshasas
  A catoblepas (Shoals:1)
  4 merfolk avatars
  2 ogre magi
  14 naga warriors
  3 hydras
  12 ironbound frosthearts
  11 anacondas
  A spriggan air mage (Depths:3)
  2 alligator snapping turtles
  8 centaur warriors
  7 two-headed ogres
  4 merfolk aquamancers
  7 death yaks
  3 satyrs
  10 deep troll shamans
  5 spriggan berserkers
  An orc high priest (Orc:1)
  9 tengu warriors
  17 deep troll earth magi
  11 hell knights
  11 shock serpents
  12 naga sharpshooters
  3 vampire magi
  8 ironbound beastmasters
  Sonja (Orc:1)
  2 sun demons (Abyss:2)
  Nergalle (Lair:3)
  A wretched star (Abyss:2)
  10 salamander mystics
  3 skeletal warriors
  16 iron trolls
  A spectral anaconda (Lair:6)
  39 deep trolls
  8 sea snakes
  4 glowing orange brains
  2 flayed ghosts
  2 orc knights
  3 naga ritualists
  13 necromancers
  2 golden dragon skeletons (Depths:3)
  11 ironbound convokers
  A sphinx zombie (Depths:2)
  9 lindwurms
  10 wizards
  7 phantasmal warriors
  3 deep elf pyromancers
  30 harpies
  A tengu zombie (Vaults:4)
  24 salamanders
  4 cyclopes
  20 manticores
  8 orc sorcerers
  A glowing shapeshifter (Depths:3)
  18 fauns
  A shining eye (Abyss:2)
  9 mana vipers
  A wolf spider (Vaults:4)
  2 human zombies
  25 ugly things
  A dire elephant zombie (Lair:6)
  10 water nymphs
  12 merfolk sirens
  9 guardian serpents
  A frost giant skeleton (Vaults:3)
  13 naga magi
  12 vault sentinels
  12 elephants (Lair:6)
  29 black mambas
  A smoke demon (Abyss:2)
  An orange demon (Depths:1)
  A gargoyle (D:10)
  A spriggan skeleton (Depths:2)
  4 rime drakes
  11 cane toads
  A dire elephant skeleton (Lair:6)
  5 unseen horrors
  6 komodo dragons
  A kobold demonologist (D:11)
  An efreet (D:15)
  A freezing wraith (Vaults:2)
  An unseen horror (shapeshifter) (Vaults:5)
  15 yaktaurs
  2 hellwings (Depths:1)
  4 tengu conjurers
  2 ice devils
  2 yaktaur skeletons (Vaults:4)
  A jumping spider (Vaults:4)
  23 merfolk
  An ancient zyme (Vaults:4)
  A jumping spider (shapeshifter) (D:13)
  12 trolls
  A hydra zombie (Abyss:2)
  9 wind drakes
  A queen bee (Lair:2)
  Grinder (D:4)
  Prince Ribbit (D:5)
  2 hornets
  2 polar bears
  22 blink frogs
  A spectral elephant (Lair:6)
  An ettin zombie (Vaults:4)
  8 snapping turtles
  11 dream sheep
  4 raiju (Abyss:2)
  2 frost giant simulacra (Vaults:4)
  10 slime creatures
  A spriggan zombie (Depths:2)
  A deep troll skeleton (Vaults:4)
  5 redbacks (Vaults:4)
  2 spriggans (Depths:3)
  A centaur simulacrum (D:14)
  5 starcursed masses (Abyss:2)
  4 wraiths (D:13)
  51 yaks
  An elf zombie (Vaults:4)
  4 small abominations
  10 water elementals
  7 large abominations
  A shadow (D:12)
  4 wyverns
  4 vampires
  4 hogs (Shoals:1)
  A neqoxec (Abyss:2)
  3 steam dragons
  2 basilisks
  5 chaos spawn (Depths:4)
  Eustachio (D:4)
  Grum (D:9)
  2 death yak simulacra (Lair:6)
  6 vampire mosquitoes
  A yaktaur simulacrum (Vaults:3)
  35 nagas
  An acid dragon (D:13)
  3 elf skeletons
  14 wargs
  19 water moccasins
  29 orc warriors
  2 black bears
  2 elf simulacra
  3 ice beasts
  4 elephant zombies (Lair:6)
  18 wolves
  2 elephant skeletons (Lair:6)
  10 ogres
  5 boggarts (Vaults:2)
  A phantom (D:4)
  4 kobold brigands (D:11)
  Blork the orc (D:4)
  13 bullfrogs
  A gnoll sergeant (D:12)
  2 cane toad simulacra (Lair:6)
  2 scorpions (D:5)
  A glowing shapeshifter simulacrum (Vaults:4)
  A water moccasin skeleton (D:4)
  36 killer bees
  An elephant simulacrum (Lair:6)
  3 wights (D:9)
  2 electric eels (Snake:3)
  3 howler monkeys (D:8)
  3 centaur zombies
  3 iron imps (D:9)
  2 jellies
  A hound (D:5)
  20 orc priests
  2 bullfrog skeletons (D:6)
  A centaur skeleton (D:4)
  2 gnoll shamans
  An iguana (D:6)
  50 orc wizards
  A killer bee zombie (D:7)
  A hound skeleton (D:4)
  3 howler monkey zombies
  14 gnolls
  9 adders
  2 white imps
  2 ufetubi
  A worm (D:4)
  3 dart slugs
  79 orcs
  2 endoplasms
  2 giant cockroaches
  2 goblins
  3 hobgoblins
  2 jackals (D:5)
  5 ball pythons
  7 bats
  7 frilled lizards
  6 kobolds
  6 rats
  2 ball lightnings (Snake:4)
  3 tentacles
1564 creatures vanquished.

Vanquished Creatures (collateral kills)
  Margery (Vaults:2)
  2 storm dragons (Vaults:5)
  An ironbound preserver (Vaults:1)
  An entropy weaver (Vaults:4)
  2 dire elephants
  A merfolk javelineer (Shoals:4)
  A fire dragon (D:15)
  A great orb of eyes (Vaults:1)
  2 vault guards (Vaults:5)
  An ironbound frostheart (Vaults:3)
  An alligator snapping turtle (Shoals:3)
  A hell knight (Vaults:2)
  A salamander mystic (Snake:4)
  A deep troll (Vaults:1)
  A lindwurm (Vaults:1)
  A necromancer (Vaults:5)
  An orc knight (D:10)
  2 ironbound convokers
  2 harpies
  A wizard (Vaults:3)
  An ugly thing (Vaults:2)
  A salamander (Snake:2)
  2 cyclopes
  A stone giant skeleton (Vaults:5)
  3 vault sentinels
  A naga mage (Snake:1)
  A merfolk siren (Shoals:1)
  An efreet (D:14)
  2 yaktaurs
  2 trolls (Orc:1)
  A merfolk (Shoals:3)
  2 hornets (Depths:3)
  A snapping turtle (Shoals:1)
  A water elemental (Shoals:1)
  An ettin skeleton (Vaults:5)
  A spriggan (Depths:3)
  An orc warrior (Orc:1)
  A centaur (D:9)
  2 orc wizards (Orc:1)
  A foxfire (Lair:4)
52 creatures vanquished.

Vanquished Creatures (others)
  A fire giant (Depths:5)
  A thrashing horror (Abyss:2)
  A salamander mystic (Snake:3)
  A deep troll (Vaults:2)
  A wizard (Vaults:3)
  A black mamba (Snake:4)
  A small abomination (Abyss:2)
  2 orc wizards
  2 orcs
  69 ball lightnings
  783 foxfires
  54 fungi
  218 plants
  7 starspawn tentacles (Abyss:2)
  33 tentacles
  30 withered plants
1205 creatures vanquished.

Grand Total: 2821 creatures vanquished

Table legend: (Time is in decaauts)
 A = Elapsed time spent in this place.
 B = Non-inter-level travel time spent in this place.
 C = Inter-level travel time spent in this place.
 D = Time resting spent in this place.
 E = Time spent auto-exploring this place.
 F = Levels seen in this place.
 G = Mean time per level.
                   A        B        C        D        E       F      G
               +--------+--------+--------+--------+--------+-----+--------+
         Total |  85376 |  81751 |   3625 |  36162 |  30436 |  43 | 1985.5 |
       Dungeon |  21161 |  19777 |   1384 |   7233 |   8516 |  15 | 1410.7 |
        Temple |    173 |    173 |      0 |    171 |      0 |   1 |  173.0 |
          Lair |  11429 |  10816 |    613 |   3565 |   5013 |   6 | 1904.8 |
        Shoals |  11927 |  11636 |    291 |   6524 |   3585 |   4 | 2981.8 |
     Snake Pit |  10436 |  10159 |    277 |   4802 |   3689 |   4 | 2609.0 |
  Orcish Mines |   3179 |   2971 |    208 |   1027 |   1136 |   2 | 1589.5 |
        Vaults |  12872 |  12269 |    603 |   5601 |   4078 |   5 | 2574.4 |
        Depths |  13712 |  13466 |    246 |   7102 |   4300 |   5 | 2742.4 |
         Abyss |    482 |    482 |      0 |    135 |    119 |   1 |  482.0 |
               +--------+--------+--------+--------+--------+-----+--------+

Top non-repeatable levels by time:
Depths:2: 3708 daAuts
Vaults:2: 3679 daAuts
Shoals:3: 3677 daAuts
 Snake:4: 3401 daAuts
  Lair:6: 3369 daAuts
Shoals:4: 3293 daAuts
 Snake:3: 3241 daAuts
    D:15: 3207 daAuts
Depths:3: 3202 daAuts
Vaults:1: 3110 daAuts
Depths:5: 3050 daAuts
Vaults:4: 2829 daAuts
Shoals:1: 2674 daAuts
 Snake:2: 2306 daAuts
Shoals:2: 2282 daAuts

Table legend:
 A = Non-vault XP
 B = Vault XP
 C = Vault XP percentage of total XP
 D = Non-vault monster count
 E = Vault monster count
 F = Vault count percentage of total count
                 A         B        C        D         E       F
            +---------+---------+-------+---------+---------+-------
      Total |  530375 |  356106 |  40.2 |    1114 |     503 |  31.1
            +---------+---------+-------+---------+---------+-------
        D:1 |      36 |       0 |   0.0 |      16 |       0 |   0.0
        D:2 |      41 |      13 |  24.1 |      14 |       1 |   6.7
        D:3 |      61 |       0 |   0.0 |      19 |       0 |   0.0
        D:4 |     521 |     558 |  51.7 |      18 |       3 |  14.3
        D:5 |     552 |     277 |  33.4 |      13 |       1 |   7.1
        D:6 |     660 |       0 |   0.0 |       9 |       0 |   0.0
        D:7 |    1108 |       0 |   0.0 |      15 |       0 |   0.0
        D:8 |    1369 |       0 |   0.0 |      29 |       0 |   0.0
        D:9 |    1888 |     894 |  32.1 |      29 |       9 |  23.7
       D:10 |    4568 |     754 |  14.2 |      22 |      15 |  40.5
       D:11 |    5243 |       0 |   0.0 |      17 |       0 |   0.0
       D:12 |    5279 |       0 |   0.0 |      17 |       0 |   0.0
       D:13 |    9335 |    4344 |  31.8 |      16 |       8 |  33.3
       D:14 |    5049 |    3008 |  37.3 |      12 |       1 |   7.7
       D:15 |   32101 |    3683 |  10.3 |      37 |       3 |   7.5
     Lair:1 |    4605 |     684 |  12.9 |      17 |       6 |  26.1
     Lair:2 |    7668 |    1910 |  19.9 |      23 |      27 |  54.0
     Lair:3 |    3670 |    1592 |  30.3 |      20 |       4 |  16.7
     Lair:4 |    6639 |    1479 |  18.2 |      30 |       3 |   9.1
     Lair:5 |    3732 |     361 |   8.8 |      16 |       1 |   5.9
     Lair:6 |    9965 |   16230 |  62.0 |      32 |      35 |  52.2
   Shoals:1 |   13061 |    3811 |  22.6 |      29 |       6 |  17.1
   Shoals:2 |   28518 |    5633 |  16.5 |      47 |       5 |   9.6
   Shoals:3 |   18370 |       0 |   0.0 |      38 |       0 |   0.0
   Shoals:4 |   22151 |   21872 |  49.7 |      43 |      29 |  40.3
    Snake:1 |    7264 |    1016 |  12.3 |      15 |       2 |  11.8
    Snake:2 |   11198 |    6941 |  38.3 |      24 |       7 |  22.6
    Snake:3 |   29021 |    9292 |  24.3 |      51 |      14 |  21.5
    Snake:4 |   18705 |   34817 |  65.1 |      36 |      46 |  56.1
      Orc:1 |    7902 |    2781 |  26.0 |      64 |      11 |  14.7
      Orc:2 |    2602 |    3331 |  56.1 |      20 |      48 |  70.6
   Vaults:1 |   24580 |   17361 |  41.4 |      32 |      21 |  39.6
   Vaults:2 |   31636 |   53517 |  62.8 |      38 |      64 |  62.7
   Vaults:3 |   15295 |   11662 |  43.3 |      24 |      14 |  36.8
   Vaults:4 |   18473 |   18885 |  50.6 |      24 |      24 |  50.0
   Vaults:5 |    4140 |   32473 |  88.7 |       8 |      26 |  76.5
   Depths:1 |   18993 |   22815 |  54.6 |      20 |      16 |  44.4
   Depths:2 |   44611 |   28964 |  39.4 |      46 |      20 |  30.3
   Depths:3 |   33537 |   10819 |  24.4 |      43 |       4 |   8.5
   Depths:4 |   29478 |   23026 |  43.9 |      30 |      21 |  41.2
   Depths:5 |   26067 |   11303 |  30.2 |      28 |       8 |  22.2
    Abyss:2 |   20683 |       0 |   0.0 |      33 |       0 |   0.0
            +---------+---------+-------+---------+---------+-------
